| TOP OF THE 1ST |
|
Tacoma Rainiers batting - Pitching for Round Rock Express : RHP Victor Nunez
|
|
Pitching: RHP Victor Nunez
|
|
|
Batting: RHB David Aguilar
|
0-0: SINGLE (Groundball, 6D, EV 99.4 MPH)
|
|
Batting: RHB Sean Peake
|
0-0: Called Strike 0-1: Ball 1-1: Fielders Choice at 2nd, 3-6 (Groundball, 34S, EV 85.6 MPH)
|
|
Batting: RHB Bill Vives
|
0-0: Ball 1-0: Ball 2-0: Swinging Strike 2-1: Ball Sean Peake steals 2nd base 3-1: Foul Ball, location: 2F 3-2: Foul Ball, location: 2F 3-2: Foul Ball, location: 2F 3-2: Foul Ball, location: 2F 3-2: Ground out 3-1 (Groundball, 34S, EV 90.0 MPH) Sean Peake to third
|
|
Batting: LHB Ryan Lowe
|
0-0: Foul Ball, location: 2F 0-1: Called Strike 0-2: Strikes out looking
|
| Top of the 1st over - 0 runs, 1 hit, 0 errors, 1 left on base; Tacoma 0 - Round Rock 0 |
| BOTTOM OF THE 1ST |
|
Round Rock Express batting - Pitching for Tacoma Rainiers : RHP Amine Laurent
|
|
Pitching: RHP Amine Laurent
|
|
|
Batting: SHB David Simpson
|
0-0: Foul Ball, location: 2F 0-1: Called Strike 0-2: Ball 1-2: Ball 2-2: Foul Ball, location: 2F 2-2: Ground out 6-3 (Groundball, 6, EV 85.6 MPH)
|
|
Batting: LHB Pauli Gassinger
|
0-0: Fly out, F8 (Flyball, 8RD, EV 90.6 MPH)
|
|
Batting: RHB Rich Stinson
|
0-0: Foul Ball, location: 2F 0-1: Swinging Strike 0-2: Ball 1-2: Ball 2-2: DOUBLE (Flyball, 89D, EV 113.1 MPH)
|
|
Batting: LHB Jeff Densmore
|
0-0: Fly out, F9 (Flyball, 9S, EV 75.6 MPH)
|
| Bottom of the 1st over - 0 runs, 1 hit, 0 errors, 1 left on base; Tacoma 0 - Round Rock 0 |
| TOP OF THE 2ND |
|
Tacoma Rainiers batting - Pitching for Round Rock Express : RHP Victor Nunez
|
|
Batting: RHB Kumar Madugula
|
0-0: Called Strike 0-1: Ball 1-1: Called Strike 1-2: Strikes out swinging
|
|
Batting: RHB Kevin Chafe
|
0-0: Called Strike 0-1: Fly out, F8 (Flyball, 78D, EV 85.0 MPH)
|
|
Batting: SHB Tony de Lara
|
0-0: Ball 1-0: Ball 2-0: Ball 3-0: Called Strike 3-1: Base on Balls
|
|
Batting: RHB Jim Begger
|
0-0: Called Strike 0-1: Ball 1-1: Ball 2-1: Ball 3-1: Called Strike 3-2: Base on Balls Tony de Lara to second
|
|
Batting: RHB Matt Berkley
|
0-0: Ball 1-0: Called Strike 1-1: Foul Ball, location: 2F 1-2: Ball 2-2: SINGLE (Groundball, 56D, EV 96.9 MPH) Tony de Lara to third Jim Begger to second Runner from 3rd tries for Home, SAFE, throw by LF to home
|
|
Batting: RHB David Aguilar
|
0-0: Called Strike 0-1: Ground out 4-3 (Groundball, 4S, EV 80.0 MPH)
|
| Top of the 2nd over - 1 run, 1 hit, 0 errors, 2 left on base; Tacoma 1 - Round Rock 0 |
| BOTTOM OF THE 2ND |
|
Round Rock Express batting - Pitching for Tacoma Rainiers : RHP Amine Laurent
|
|
Batting: RHB Jose Leon
|
0-0: Ball 1-0: Ground out U3 (Groundball, 34, EV 85.6 MPH)
|
|
Batting: RHB Jimmy Hammertime
|
0-0: Called Strike 0-1: SINGLE (Groundball, 6D, EV 107.5 MPH)
|
|
Batting: RHB Dennis Daniels
|
0-0: Ball 1-0: Foul Ball, location: 2F 1-1: Ball 2-1: Ball 3-1: Called Strike 3-2: SINGLE (Line Drive, 7S, EV 105.6 MPH) Jimmy Hammertime to second
|
|
Batting: SHB Johnny Stables
|
0-0: Ball 1-0: Ball 2-0: Called Strike 2-1: Ball 3-1: Base on Balls Jimmy Hammertime to third Dennis Daniels to second
|
|
Batting: RHB Rick Concha
|
0-0: Ball 1-0: Ball 2-0: Called Strike 2-1: Ball 3-1: SINGLE (Line Drive, 9S, EV 100.0 MPH) Jimmy Hammertime scores Dennis Daniels to third Johnny Stables to second
|
|
Batting: SHB David Simpson
|
0-0: Ball 1-0: Ball 2-0: Called Strike 2-1: Foul Ball, location: 2F 2-2: Foul Ball, location: 2F 2-2: SINGLE (Line Drive, 89S, EV 106.9 MPH) Dennis Daniels scores Johnny Stables to third Rick Concha to second
|
|
Batting: LHB Pauli Gassinger
|
0-0: Foul Ball, location: 2F 0-1: Ball 1-1: Fielders Choice at 2nd, 3-6 (Groundball, 3, EV 88.8 MPH) Johnny Stables scores Rick Concha to third
|
|
Batting: RHB Rich Stinson
|
0-0: Ball 1-0: Foul Ball, location: 2F 1-1: Ball 2-1: 3-RUN HOME RUN (Flyball, 78XD, EV 101.9 MPH), Distance : 405 ft
|
|
Batting: LHB Jeff Densmore
|
0-0: Ball 1-0: Ball 2-0: Called Strike 2-1: Foul Ball, location: 2F 2-2: Ball 3-2: Base on Balls
|
|
Pitching: RHP Michito Ito
|
|
|
Batting: RHB Jose Leon
|
0-0: Called Strike 0-1: Called Strike 0-2: Ball 1-2: Foul Ball, location: 2F 1-2: Foul Ball, location: 2F 1-2: Strikes out swinging
|
| Bottom of the 2nd over - 6 runs, 5 hits, 0 errors, 1 left on base; Tacoma 1 - Round Rock 6 |
| TOP OF THE 3RD |
|
Tacoma Rainiers batting - Pitching for Round Rock Express : RHP Victor Nunez
|
|
Batting: RHB Sean Peake
|
0-0: Ball 1-0: Called Strike 1-1: Reached via error on a dropped throw from 3B, E3 (Groundball, 56S, EV 63.8 MPH)
|
|
Batting: RHB Bill Vives
|
0-0: Foul Ball, location: 2F 0-1: Ball Sean Peake steals 2nd base 1-1: Foul Ball, location: 2F 1-2: Strikes out swinging, 2-3 out at first.
|
|
Batting: LHB Ryan Lowe
|
0-0: Foul Ball, location: 2F 0-1: Ball 1-1: Ball 2-1: Ball 3-1: Base on Balls
|
|
Batting: RHB Kumar Madugula
|
0-0: Ball 1-0: Called Strike 1-1: Ball 2-1: Swinging Strike 2-2: Strikes out swinging
|
|
Batting: RHB Kevin Chafe
|
0-0: Ball 1-0: Ball 2-0: Ball 3-0: Called Strike 3-1: Called Strike 3-2: Fly out, F8 (Line Drive, 8RD, EV 92.5 MPH)
|
| Top of the 3rd over - 0 runs, 0 hits, 1 error, 2 left on base; Tacoma 1 - Round Rock 6 |
| BOTTOM OF THE 3RD |
|
Round Rock Express batting - Pitching for Tacoma Rainiers : RHP Michito Ito
|
|
Batting: RHB Jimmy Hammertime
|
0-0: Foul Ball, location: 2F 0-1: Ball 1-1: Ball 2-1: Fly out, F9 (Flyball, 9, EV 85.0 MPH)
|
|
Batting: RHB Dennis Daniels
|
0-0: Fly out, F8 (Flyball, 78D, EV 96.9 MPH)
|
|
Batting: SHB Johnny Stables
|
0-0: Ball 1-0: Swinging Strike 1-1: Ball 2-1: Called Strike 2-2: Foul Ball, location: 2F 2-2: Ball 3-2: Base on Balls
|
|
Batting: RHB Rick Concha
|
0-0: Called Strike 0-1: Ball 1-1: Ball 2-1: Ball 3-1: Base on Balls Johnny Stables to second
|
|
Batting: SHB David Simpson
|
0-0: Ground out 2-3 (Groundball, 2L, EV 70.6 MPH)
|
| Bottom of the 3rd over - 0 runs, 0 hits, 0 errors, 2 left on base; Tacoma 1 - Round Rock 6 |
| TOP OF THE 4TH |
|
Tacoma Rainiers batting - Pitching for Round Rock Express : RHP Victor Nunez
|
|
Batting: SHB Tony de Lara
|
0-0: Swinging Strike 0-1: Swinging Strike 0-2: Foul Ball, location: 2F 0-2: Ball 1-2: Ground out 4-3 (Groundball, 4, EV 108.1 MPH)
|
|
Batting: RHB Jim Begger
|
0-0: Swinging Strike 0-1: Swinging Strike 0-2: Ball 1-2: Strikes out swinging
|
|
Batting: RHB Matt Berkley
|
0-0: SINGLE (Groundball, 5D, EV 110.0 MPH)
|
|
Batting: RHB David Aguilar
|
0-0: Ball 1-0: SINGLE (Groundball, 6M, EV 95.6 MPH) Matt Berkley to second
|
|
Batting: RHB Sean Peake
|
0-0: Ball 1-0: Fly out, F6 (Popup, 4MD, EV 69.4 MPH)
|
| Top of the 4th over - 0 runs, 2 hits, 0 errors, 2 left on base; Tacoma 1 - Round Rock 6 |
| BOTTOM OF THE 4TH |
|
Round Rock Express batting - Pitching for Tacoma Rainiers : RHP Michito Ito
|
|
Batting: LHB Pauli Gassinger
|
0-0: Called Strike 0-1: Ball 1-1: Foul Ball, location: 2F 1-2: Strikes out swinging
|
|
Batting: RHB Rich Stinson
|
0-0: Swinging Strike 0-1: Foul Ball, location: 2F 0-2: Ball 1-2: Strikes out swinging
|
|
Batting: LHB Jeff Densmore
|
0-0: Ball 1-0: Swinging Strike 1-1: Ball 2-1: Ball 3-1: Base on Balls
|
|
Batting: RHB Jose Leon
|
0-0: Ball 1-0: Called Strike Jeff Densmore steals 2nd base 1-1: Foul Ball, location: 2F 1-2: Foul Ball, location: 2F 1-2: Ball 2-2: Strikes out swinging
|
| Bottom of the 4th over - 0 runs, 0 hits, 0 errors, 1 left on base; Tacoma 1 - Round Rock 6 |
| TOP OF THE 5TH |
|
Tacoma Rainiers batting - Pitching for Round Rock Express : RHP Victor Nunez
|
|
Batting: RHB Bill Vives
|
0-0: Ball 1-0: Ball 2-0: Ground out 5-3 (Groundball, 5D, EV 106.3 MPH)
|
|
Batting: LHB Ryan Lowe
|
0-0: Foul Ball, location: 2F 0-1: Ball 1-1: Ball 2-1: Foul Ball, location: 2F 2-2: Strikes out looking
|
|
Batting: RHB Kumar Madugula
|
0-0: Ground out 3-1 (Groundball, 34, EV 86.3 MPH)
|
| Top of the 5th over - 0 runs, 0 hits, 0 errors, 0 left on base; Tacoma 1 - Round Rock 6 |
| BOTTOM OF THE 5TH |
|
Round Rock Express batting - Pitching for Tacoma Rainiers : RHP Michito Ito
|
|
Batting: RHB Jimmy Hammertime
|
0-0: Ball 1-0: Swinging Strike 1-1: Foul Ball, location: 2F 1-2: Ball 2-2: Foul Ball, location: 2F 2-2: Ball 3-2: Base on Balls
|
|
Batting: RHB Dennis Daniels
|
0-0: Fly out, F7 (Flyball, 78S, EV 84.4 MPH)
|
|
Batting: SHB Johnny Stables
|
0-0: Swinging Strike 0-1: Foul Ball, location: 2F 0-2: Grounds into double play, 4-3-6 (Groundball, 34D, EV 85.0 MPH)
|
| Bottom of the 5th over - 0 runs, 0 hits, 0 errors, 0 left on base; Tacoma 1 - Round Rock 6 |
| TOP OF THE 6TH |
|
Tacoma Rainiers batting - Pitching for Round Rock Express : RHP Victor Nunez
|
|
Batting: RHB Kevin Chafe
|
0-0: Called Strike 0-1: Ball 1-1: Ball 2-1: Ground out 4-3 (Groundball, 6M, EV 107.5 MPH)
|
|
Batting: SHB Tony de Lara
|
0-0: Ball 1-0: Ball 2-0: Called Strike 2-1: Foul Ball, location: 2F 2-2: Foul Ball, location: 2F 2-2: Foul Ball, location: 2F 2-2: Strikes out looking
|
|
Batting: RHB Jim Begger
|
0-0: Ball 1-0: Swinging Strike 1-1: Foul Ball, location: 2F 1-2: Foul Ball, location: 2F 1-2: Ball 2-2: Ball 3-2: Foul Ball, location: 2F 3-2: Base on Balls
|
|
Batting: RHB Matt Berkley
|
0-0: Ball 1-0: Called Strike 1-1: Swinging Strike 1-2: Strikes out swinging
|
| Top of the 6th over - 0 runs, 0 hits, 0 errors, 1 left on base; Tacoma 1 - Round Rock 6 |
| BOTTOM OF THE 6TH |
|
Round Rock Express batting - Pitching for Tacoma Rainiers : RHP Michito Ito
|
|
Batting: RHB Rick Concha
|
0-0: Ball 1-0: Ball 2-0: Ball 3-0: Base on Balls
|
|
Pitching: RHP Nick Doty
|
|
|
Batting: SHB David Simpson
|
0-0: Called Strike Rick Concha steals 2nd base 0-1: Ball 1-1: Called Strike 1-2: Ground out 4-3 (Groundball, 4, EV 100.0 MPH) Rick Concha to third
|
|
Batting: LHB Pauli Gassinger
|
0-0: Ball 1-0: Foul Ball, location: 2F 1-1: Ground out U3 (Groundball, 3, EV 105.0 MPH)
|
|
Batting: RHB Rich Stinson
|
0-0: Called Strike 0-1: Fly out, F7 (Flyball, 78M, EV 91.3 MPH)
|
| Bottom of the 6th over - 0 runs, 0 hits, 0 errors, 1 left on base; Tacoma 1 - Round Rock 6 |
| TOP OF THE 7TH |
|
Tacoma Rainiers batting - Pitching for Round Rock Express : RHP Victor Nunez
|
|
Batting: RHB David Aguilar
|
0-0: Called Strike 0-1: Called Strike 0-2: Ball 1-2: Ball 2-2: Foul Ball, location: 2F 2-2: Strikes out looking
|
|
Pitching: RHP Ryusuke Yamamoto
|
|
|
Batting: RHB Sean Peake
|
0-0: Ball 1-0: Ball 2-0: Called Strike 2-1: Ground out 6-3 (Groundball, 6, EV 86.3 MPH)
|
|
Batting: RHB Bill Vives
|
0-0: Swinging Strike 0-1: Ball 1-1: Called Strike 1-2: Strikes out swinging
|
| Top of the 7th over - 0 runs, 0 hits, 0 errors, 0 left on base; Tacoma 1 - Round Rock 6 |
| BOTTOM OF THE 7TH |
|
Round Rock Express batting - Pitching for Tacoma Rainiers : RHP Nick Doty
|
|
Batting: LHB Jeff Densmore
|
0-0: Ball 1-0: Ball 2-0: Foul Ball, location: 2F 2-1: Fly out, F5 (Popup, 5F, EV 71.9 MPH)
|
|
Batting: RHB Jose Leon
|
0-0: Called Strike 0-1: Foul Ball, location: 2F 0-2: Ball 1-2: Foul Ball, location: 2F 1-2: Foul Ball, location: 2F 1-2: Foul Ball, location: 2F 1-2: Fly out, F9 (Line Drive, 89M, EV 105.0 MPH)
|
|
Batting: RHB Jimmy Hammertime
|
0-0: Ball 1-0: Ball 2-0: Foul Ball, location: 2F 2-1: SINGLE (Groundball, 56S, EV 68.8 MPH) (infield hit)
|
|
Batting: RHB Dennis Daniels
|
0-0: Fly out, F7 (Flyball, 7, EV 89.4 MPH)
|
| Bottom of the 7th over - 0 runs, 1 hit, 0 errors, 1 left on base; Tacoma 1 - Round Rock 6 |
| TOP OF THE 8TH |
|
Tacoma Rainiers batting - Pitching for Round Rock Express : RHP Ryusuke Yamamoto
|
|
Batting: LHB Ryan Lowe
|
0-0: Foul Ball, location: 2F 0-1: Foul Ball, location: 2F 0-2: Foul Ball, location: 2F 0-2: Foul Ball, location: 2F 0-2: Ball 1-2: Foul Ball, location: 2F 1-2: Ball 2-2: Ball 3-2: Ground out 1-3 (Groundball, P, EV 71.3 MPH)
|
|
Batting: RHB Kumar Madugula
|
0-0: SINGLE (Groundball, 6D, EV 108.1 MPH)
|
|
Batting: RHB Kevin Chafe
|
0-0: 2-RUN HOME RUN (Flyball, 78XD, EV 106.3 MPH), Distance : 380 ft
|
|
Batting: SHB Tony de Lara
|
0-0: Called Strike 0-1: Ball 1-1: Ball 2-1: Ball 3-1: Foul Ball, location: 2F 3-2: Base on Balls
|
|
Pinch Hitting: LHB Caleb Domino
|
0-0: Foul Ball, location: 2F 0-1: Grounds into double play, 4-6-3 (Groundball, 4, EV 106.9 MPH)
|
| Top of the 8th over - 2 runs, 2 hits, 0 errors, 0 left on base; Tacoma 3 - Round Rock 6 |
| BOTTOM OF THE 8TH |
|
Round Rock Express batting - Pitching for Tacoma Rainiers : RHP Nick Doty
|
|
Now at 2B: Kevin Chafe
|
|
|
Now in LF: Caleb Domino
|
|
|
Batting: SHB Johnny Stables
|
0-0: Ball 1-0: Called Strike 1-1: Ball 2-1: Foul Ball, location: 2F 2-2: Foul Ball, location: 2F 2-2: Strikes out swinging
|
|
Batting: RHB Rick Concha
|
0-0: Ball 1-0: Swinging Strike 1-1: Foul Ball, location: 2F 1-2: Strikes out swinging
|
|
Batting: SHB David Simpson
|
0-0: Ball 1-0: Ball 2-0: Ball 3-0: Called Strike 3-1: Swinging Strike 3-2: Fly out, F9 (Flyball, 89S, EV 90.0 MPH)
|
| Bottom of the 8th over - 0 runs, 0 hits, 0 errors, 0 left on base; Tacoma 3 - Round Rock 6 |
| TOP OF THE 9TH |
|
Tacoma Rainiers batting - Pitching for Round Rock Express : RHP Ryusuke Yamamoto
|
|
Pitching: LHP Dennis French
|
|
|
Batting: RHB Matt Berkley
|
0-0: Called Strike 0-1: Foul Ball, location: 2F 0-2: Ball 1-2: Strikes out swinging
|
|
Batting: RHB David Aguilar
|
0-0: Swinging Strike 0-1: Ground out 5-3 (Groundball, 56, EV 102.5 MPH)
|
|
Batting: RHB Sean Peake
|
0-0: Ball 1-0: Swinging Strike 1-1: Called Strike 1-2: SINGLE (Groundball, 6MD, EV 94.4 MPH)
|
|
Batting: RHB Bill Vives
|
0-0: Called Strike 0-1: Ball 1-1: Ball 2-1: Foul Ball, location: 2F 2-2: SINGLE (Line Drive, 7S, EV 110.6 MPH) Sean Peake to second
|
|
Batting: LHB Ryan Lowe
|
0-0: Called Strike 0-1: Called Strike 0-2: Foul Ball, location: 2F 0-2: Fielders Choice at 2nd, 5-4 (Groundball, 56, EV 103.1 MPH)
|
| Top of the 9th over - 0 runs, 2 hits, 0 errors, 2 left on base; Tacoma 3 - Round Rock 6 |
|